[Event "*** Titled Tuesday Blitz"]
[Site "Chess.com"]
[Date "2020.05.12"]
[Round "4"]
[White "Papa12341234"]
[Black "Kaua18"]
[Result "1-0"]
[WhiteElo "2524"]
[BlackElo "2324"]
[TimeControl "180+1"]
[EndTime "10:40:16 PDT"]
[Termination "Papa12341234 won on time"]

1. e4 c5 2. Nc3 Nc6 3. Nf3 e5 4.
Bc4 d6 5. d3 Be7 6. Nd2 Nf6 7.
Nf1 Nd7 8. Ne3 Nb6 9. Bb3 Bg5 10. a4 Be6 11. Bxe6 fxe6 12. Qg4 Nd4 13. a5 Bxe3 14.
Bxe3 Nxc2+ 15. Ke2 Nxa1 16. Qxg7 Rf8 17. axb6 axb6 18.
Nb5 Qe7 19. Nc7+ Kd7 20. Qxe7+ Kxe7 21. Nxa8 Rxa8 22. h4 Nb3 23. Rh3 Rg8 24. Bg5+ Ke8 25. g3 Nd4+ 26. Kd1 Rf8 27. Be3 Kd7 28. h5 b5 29. Rh4 Rg8 30. Rh1 b4 31. Kd2 b5 32. Bxd4 exd4 33. Ra1 Rc8 34. Ra7+ Rc7 35. Ra8 Rb7 36. Rh8 Kc6 37. h6 Rf7 38. f4 d5 39.
Rg8 Kd7 40. Rg7 Ke7 41. exd5 exd5 42. Rg5 Ke6 43. Re5+ Kd6 44. Re8 Rf6 45. Ra8 Ke6 46. Ra7 Rg6 47. Rxh7 Rxg3 48. Rh8 Rg2+ 49. Kc1 Rh2 50.
h7 Kf7 51. Rd8 Rxh7 52. Rd7+ Kg6 53. Rxd5 Rh5 54. Rd6+ Kf5 55. Rd5+ Kg4 56. Rd6 Kxf4 57. Rb6 Ke3 58. Kc2 Rh2+ 59. Kb3 Kxd3 60. Rxb5 c4+ 61. Ka2 b3+ 62. Ka3 Rh1 63. Rg5 Ra1+ 64. Kb4 Rc1 65. Rg2 Ke4 66. Re2+ Kd3 67. Rg2 Rc2 68. Rg3+ Ke4 69.
Rg4+ Ke5 70. Rg5+ Kf4 71. Rg8 Rxb2 72. Kxc4 Ke3 73. Re8+ Kd2 74. Kxd4 Kc1 75. Re1+ Kc2 76. Rh1 Rb1 77. Rh2+ Kd1 78. Kc3 Rc1+ 79. Kd3 1-0

[Event "*** Titled Tuesday Blitz"]
[Site "Chess.com"]
[Date "2020.05.12"]
[Round "4"]
[White "Alexander_Moskalenko"]
[Black "tacticthunder"]
[Result "1-0"]
[WhiteElo "2821"]
[BlackElo "2620"]
[TimeControl "180+1"]
[EndTime "10:40:18 PDT"]
[Termination "Alexander_Moskalenko won by resignation"]

1. Nf3 Nf6 2. g3 d5 3. Bg2 c6 4. d4 Bf5 5. O-O e6 6. Nh4 Bg4 7. h3 Bh5 8. c3 Nbd7 9. Nd2 Be7 10. Re1 O-O 11. Qb3 Qc8 12. g4 Bg6 13. Nxg6 hxg6 14.
e4 dxe4 15. Nxe4 Nxe4 16. Bxe4 Nf6 17. Bf3 b5 18. h4 Bd6 19. h5 gxh5 20. gxh5 Re8 21.
Qc2 e5 22. Bg5 e4 23. Bg2 Nxh5 24. Rxe4 Qd7 25. Rae1 Rf8 26. Qd1 g6 27. Qf3 c5 28.
Rh4 cxd4 29. Rxh5 gxh5 30. Qxh5 Rae8 31. Rxe8 Rxe8 32. Bf6 Re1+ 33. Bf1 Bh2+ 34. Qxh2 Qg4+ 35. Qg2 Qxg2+ 36. Kxg2 dxc3 37. Bxc3 Ra1 38. Bxb5 Rxa2 39. Bc4 Ra1 40. Bd5 Kf8 41. Kf3 Ke7 42. Ke4 f6 43. f4 Rd1 44. f5 Rf1 45. Bb4+ Kd7 46. Be6+ Kc6 47. Bc3 Rh1 48. Bxf6 Re1+ 49. Kf4 Re2 50. Bc3 a5 51. Kg5 Kd6 52. Kf6 Rg2 53. Bf7 Kd7 54. Bg6 Kd6 55. Bf7 Kd7 56. b3 Kd6 57. Bxa5 Kd7 58. Bb4 Rf2 59. Be6+ Kd8 60. Bc5 Rh2 61. Be7+ Ke8 62. Bd6 Rh6+ 63. Ke5 Rh1 64. b4 Re1+ 65. Kf6 Rd1 66. Bc5 Rb1 67. Bc4 Rc1 68. Bb5+ Kd8 69.
Kf7 Rf1 70. f6 Rf5 71. Ke6 Rf4 72. f7 1-0

[Event "*** Titled Tuesday Blitz"]
[Site "Chess.com"]
[Date "2020.05.12"]
[Round "4"]
[White "BvsN"]
[Black "Reader777"]
[Result "0-1"]
[WhiteElo "2387"]
[BlackElo "2598"]
[TimeControl "180+1"]
[EndTime "10:40:18 PDT"]
[Termination "Reader777 won by resignation"]

1. d4 Nf6 2. c4 e6 3. Nc3 Bb4 4. f3 c5 5. d5 exd5 6. cxd5 d6 7.
e4 O-O 8. Ne2 Nbd7 9. Ng3 a6 10.
Be2 b5 11. O-O Ba5 12. Kh1 Bb6 13. Be3 c4 14. Qd2 Bxe3 15. Qxe3 Qb6 16. Qd2 Nc5 17. Qd4 Ncd7 18. Qd2 Re8 19. Nd1 Ne5 20. Ne3 g6 21. Rad1 h5 22. Rfe1 h4 23. Ngf1 Bd7 24. Nc2 Rac8 25. Nd4 b4 26. Ne3 c3 27. bxc3 bxc3 28.
Qc2 Nh5 29. Bf1 Nf4 30. g3 hxg3 31. hxg3 Nh5 32. Kg2 Qd8 33. f4 Ng4 34. Nxg4 Bxg4 35. Be2 Bxe2 36. Rxe2 Nf6 37. Nc6 Qb6 38. Qxc3 Nxe4 39.
Ne7+ Rxe7 40. Qxc8+ Kg7 41. Rh1 g5 42. Qh8+ Kg6 43. Qh7+ Kf6 44. Qh6+ Kf5 45. Qh3+ Kf6 46. fxg5+ Kg6 47. Qh6+ Kf5 48. Rf1+ Ke5 49. Qf6+ Kxd5 50. Rd1+ Kc6 51. Rc2+ Nc5 52. Qf3+ Kc7 53. Rf1 Qb5 54.
Rcf2 Qc4 55. Qf4 Qd5+ 56. Qf3 Qxg5 57. Rb1 Qe5 58. Rfb2 Ne4 59. Rc1+ Kd8 60. Rb8+ Kd7 61. Rb7+ Ke6 62. Rf1 Rxb7 63. Qe3 Qd5 64. Qh6+ f6 65.
Qh3+ Ke5 66. Qh5+ Ke6 67. Qh2 Rb2+ 68. Rf2 Rxf2+ 69. Kg1 Rxh2 0-1

[Event "*** Titled Tuesday Blitz"]
[Site "Chess.com"]
[Date "2020.05.12"]
[Round "4"]
[White "PIwan"]
[Black "DishonorOnYourCow"]
[Result "1-0"]
[WhiteElo "2520"]
[BlackElo "2328"]
[TimeControl "180+1"]
[EndTime "10:40:18 PDT"]
[Termination "PIwan won on time"]

1. c4 e5 2. Nc3 Nc6 3. Nf3 Nf6 4. e3 Bb4 5. Qc2 Bxc3 6. Qxc3 Qe7 7. d4 Ne4 8. Qd3 exd4 9. Nxd4 Qb4+ 10. Bd2 Nxd2 11. Qxd2 Qe7 12. Nxc6 dxc6 13. Be2 O-O 14. O-O Rd8 15. Qc3 Bf5 16. Rad1 a5 17. Rxd8+ Qxd8 18. Rd1 Qe7 19. Qd4 h6 20. h3 Qf6 21. Qxf6 gxf6 22. Kh2 Be6 23. Kg3 Kf8 24. Kf4 Ke7 25. h4 a4 26. g4 Ra5 27. a3 Rc5 28. Rd4 b5 29. cxb5 cxb5 30. Rd2 c6 31. e4 Rc1 32.
Kg3 Rg1+ 33. Kh2 Re1 34. f4 Rc1 35. Kg2 Bc4 36. Bf3 c5 37. Kf2 b4 38. Be2 Bxe2 39. Kxe2 bxa3 40. bxa3 Rc3 41. Rd5 Rxa3 42. Rxc5 Rh3 43. h5 Rg3 44. Ra5 Rxg4 45. Kf3 Rh4 46. Kg3 Rh1 47. Kg4 Rg1+ 48. Kf5 Ra1 49. Ra7+ Kd8 50.
Kxf6 a3 51. f5 a2 52. e5 Kc8 53. Kxf7 Kb8 54. Ra3 Rf1 55. Rxa2 Rxf5+ 56. Kg6 Rxe5 57. Kxh6 Re6+ 58. Kg7 Kc7 59. h6 Re7+ 60. Kf6 Re1 61. h7 Rh1 62. Kg7 Rg1+ 63. Kh8 Kd7 64. Ra8 Ke7 65. Rg8 Rh1 66. Kg7 Rg1+ 67. Kh6 Rh1+ 68. Kg6 Rg1+ 69. Kf5 Rf1+ 70. Ke4 Re1+ 71. Kd3 Rd1+ 72.
Ke2 Rh1 73. h8=Q 1-0

[Event "*** Titled Tuesday Blitz"]
[Site "Chess.com"]
[Date "2020.05.12"]
[Round "4"]
[White "stoleriu"]
[Black "RobertoJBM"]
[Result "1-0"]
[WhiteElo "2566"]
[BlackElo "2578"]
[TimeControl "180+1"]
[EndTime "10:40:19 PDT"]
[Termination "stoleriu won by resignation"]

1. e4 c6 2. Nf3 d5 3. exd5 cxd5 4. Ne5 Nc6 5. d4 e6 6. c3 Nge7 7. Bd3 Nxe5 8. dxe5 Nc6 9. Qe2 g6 10. O-O Bg7 11.
f4 O-O 12. Kh1 b6 13. Na3 Qe7 14. Nc2 Bd7 15. Be3 f6 16. exf6 Bxf6 17. Rae1 Rae8 18. Nd4 Nxd4 19. Bxd4 Bxd4 20. cxd4 Qd6 21. Qe5 Qxe5 22. Rxe5 Kf7 23. Rc1 Rc8 24. Ree1 Ke7 25. g3 Kd6 26. Kg2 Rxc1 27. Rxc1 Rf6 28. h4 Rf8 29. Kf3 Rf7 30. Ke3 Rf8 31. Rh1 Rg8 32. g4 h6 33. g5 h5 34. Rc1 Rg7 35. b3 Rg8 36. a4 Rg7 37. a5 bxa5 38. Ra1 a4 39. bxa4 Be8 40. a5 Rb7 41.
Rb1 Rc7 42. Kd2 Bf7 43. Rb8 Kc6 44. Rh8 Kd6 45. Rh6 Rb7 46. Bxg6 Bxg6 47. Rxg6 Rb2+ 48.
Kc3 Rf2 49. Rf6 Ke7 50. Kb4 Rd2 51. Kc5 Rc2+ 52. Kb5 Rc4 53. f5 exf5 54. Rxf5 Rxd4 55. Ka6 Ke6 56. Rf6+ Ke5 57. Kxa7 Rxh4 58. a6 Rg4 59.
Rg6 d4 60. Rg8 d3 61. g6 d2 62.
Rd8 Rd4 63. Rxd4 Kxd4 64. g7 d1=Q 65. g8=Q Qf3 66. Qg7+ Ke3 67. Qc3+ Kf4 68. Qxf3+ Kxf3 69. Kb6 h4 70. a7 h3 71. a8=Q+ 1-0

[Event "*** Titled Tuesday Blitz"]
[Site "Chess.com"]
[Date "2020.05.12"]
[Round "4"]
[White "louis198"]
[Black "chessdjw"]
[Result "0-1"]
[WhiteElo "2489"]
[BlackElo "2699"]
[TimeControl "180+1"]
[EndTime "10:40:20 PDT"]
[Termination "chessdjw won by resignation"]

1. d4 Nf6 2. Bf4 e6 3. e3 d5 4. Nf3 c5 5. Nbd2 Nc6 6. c3 cxd4 7. exd4 Nh5 8. Be3 Bd6 9. g3 O-O 10. Bg2 f6 11. O-O g6 12. c4 Ng7 13. Bh6 Rf7 14. Bxg7 Kxg7 15. Re1 Bf8 16. Rc1 dxc4 17. Nxc4 Ne7 18.
Ne3 Bd7 19. Nd2 Rb8 20. Ndc4 Nc6 21. d5 exd5 22. Nxd5 b5 23. Nce3 Ne5 24. Nf4 Bb4 25. Re2 Rc8 26. Rxc8 Qxc8 27. Rc2 Qa6 28. a3 Bf8 29.
Rc7 b4 30. Bd5 Re7 31. axb4 Qd6 32. Rxa7 Qxb4 33. Bb3 Qb8 34. Qd5 Qxa7 35. Qg8+ Kh6 36. Qxf8+ Rg7 37. Qxf6 Nf3+ 38. Kg2 Ne1+ 39. Kf1 Qa6+ 40.
Qxa6 Nf3 41. Ke2 Bb5+ 42. Qxb5 Nd4+ 43. Kf1 Nxb5 44. Ng4+ Kg5 45. Ne5 Re7 46. Nf3+ Kh6 47. Kg2 Rb7 48. Bd5 Rb8 49. b4 Nc7 50. Nd3 Nxd5 51.
Nfe5 Nxb4 52. Nxb4 Rxb4 53. f4 Rb2+ 54. Kg1 Kg7 55.
Ng4 h5 56. Nf2 Kf6 57. Kg2 Kf5 58. Kf3 Rb3+ 59. Kg2 Ra3 60. h3 Ra2 61. Kf3 Rb2 62.
g4+ Kf6 63. Ne4+ Ke6 64. Nc5+ Kd5 65. Nd3 Rb3 66. Ke3 Kc4 67. f5 Rxd3+ 68. Kf4 Rxh3 69. fxg6 Rh4 70. Kg5 Rxg4+ 71. Kxh5 Rg1 72. Kh6 Kd5 73. g7 Ke6 74. g8=Q+ Rxg8 0-1

[Event "*** Titled Tuesday Blitz"]
[Site "Chess.com"]
[Date "2020.05.12"]
[Round "4"]
[White "El_ultimo_Pablo"]
[Black "Alexander_Donchenko"]
[Result "0-1"]
[WhiteElo "2420"]
[BlackElo "2732"]
[TimeControl "180+1"]
[EndTime "10:40:21 PDT"]
[Termination "Alexander_Donchenko won by resignation"]

1. d4 e6 2. Nf3 c5 3. c4 Nf6 4.
Nc3 cxd4 5. Nxd4 Nc6 6. a3 Bc5 7. Nb3 Bb6 8. c5 Bc7 9. e4 b6 10. Be3 Rb8 11. Rb1 O-O 12. Be2 bxc5 13. Nxc5 d6 14. Nd3 Bb6 15. Qd2 Nd4 16. Bg5 h6 17. Bh4 Ba6 18. O-O Nxe4 19. Nxe4 Qxh4 20. Ng3 Rbc8 21.
Bd1 Rc7 22. Re1 Qg5 23. Qxg5 hxg5 24. Nb4 Bb7 25. Ne4 Bxe4 26. Rxe4 Rfc8 27. Re1 Ba5 28.
Ba4 Bxb4 29. axb4 Rc4 30. Bd1 Rxb4 31. Bf3 Rc2 32. Ra1 Rbxb2 33. Rf1 Ra2 34. Rab1 Rcb2 35. Rbd1 e5 36. Rc1 Rc2 37. Rb1 Rab2 38. Ra1 Nxf3+ 39. gxf3 Rc7 40. Ra6 Rb6 41. Ra5 Kf8 42. Rd1 Ke7 43. Kg2 Ke6 44. Rad5 a6 45. Kg3 Rc4 46. h3 Rc5 47. R5d3 a5 48. Ra3 Ra6 49.
Ra4 f5 50. h4 gxh4+ 51. Kxh4 Rd5 52. Rda1 Rd4+ 53. Kg5 Rxa4 54. Rxa4 f4 55. Kg6 Ra7 56. Kg5 Kd5 57. Kf5 Kc5 58. Ke4 Kb5 59. Ra1 a4 60.
Kd5 a3 61. Kxd6 Kc4 62. Kxe5 g5 63. Kf5 Ra5+ 64. Kg4 a2 65. Rc1+ Kb3 66. Re1 a1=Q 67.
Rxa1 Rxa1 68. Kxg5 Ra4 69. Kf5 Kc3 70. Ke5 Kd3 71. Kf5 Ke2 72. Kg4 Kxf2 73. Kh3 Kxf3 0-1

[Event "*** Titled Tuesday Blitz"]
[Site "Chess.com"]
[Date "2020.05.12"]
[Round "4"]
[White "Meri-Arabidze"]
[Black "katchesskat"]
[Result "1-0"]
[WhiteElo "2572"]
[BlackElo "2246"]
[TimeControl "180+1"]
[EndTime "10:40:22 PDT"]
[Termination "Meri-Arabidze won by checkmate"]

1. d4 c5 2. d5 e5 3. Nc3 a6 4.
a4 d6 5. e4 Ne7 6. Bd3 Ng6 7.
g3 Be7 8. h4 h6 9. Be3 Nd7 10.
Qd2 Nf6 11. h5 Nf8 12. f3 N8h7 13. g4 Nd7 14. Nh3 Bh4+ 15. Ke2 b6 16. Bc4 Bb7 17. Rag1 Bg5 18. Nxg5 Nxg5 19. Kf2 Qf6 20. Bxg5 Qxg5 21.
Qxg5 hxg5 22. Rb1 Ke7 23. Ke2 Bc8 24. Kd2 a5 25. Bb5 Nf6 26. Bc6 Rb8 27. Nb5 Bd7 28.
Na7 Ng8 29. Bxd7 Kxd7 30. Nc6 Ra8 31. c3 Ne7 32. Nxe7 Kxe7 33. b4 axb4 34. cxb4 Rxa4 35. bxc5 bxc5 36. Rb7+ Kf6 37. Rd7 Ra6 38. Rb1 Rha8 39. Ke3 R8a7 40. Rd8 Ra3+ 41. Kf2 Ra8 42. Rxd6+ Ke7 43.
Rc6 Rc3 44. Rb7+ Ke8 45. Rcc7 Ra2+ 46. Kg3 Ra8 47. Re7+ Kd8 48. Rxf7 Ke8 49. Rxg7 Kf8 50. Rh7 Kg8 51. Rbg7+ Kf8 52. Rxg5 Raa3 53. Rf5+ Kg8 54. Re7 Rc2 55. h6 Raa2 56. Kh4 Rh2+ 57. Kg5 Ra8 58.
Rexe5 Kh8 59. d6 Rg8+ 60. Kf4 Rxh6 61. Rd5 Rd8 62. e5 c4 63. Rc5 c3 64. Rxc3 Kg7 65. Rc7+ Kg6 66. Rcf7 Rh3 67. R5f6# 1-0

[Event "*** Titled Tuesday Blitz"]
[Site "Chess.com"]
[Date "2020.05.12"]
[Round "4"]
[White "kinga2008"]
[Black "BrianEscalante"]
[Result "1-0"]
[WhiteElo "2228"]
[BlackElo "2449"]
[TimeControl "180+1"]
[EndTime "10:40:22 PDT"]
[Termination "kinga2008 won by resignation"]

1. e4 e5 2. Nf3 Nc6 3. d4 exd4 4. Bc4 Bb4+ 5. c3 dxc3 6. O-O d6 7. bxc3 Ba5 8. Ng5 Ne5 9. Bxf7+ Nxf7 10. Nxf7 Kxf7 11. Qh5+ g6 12. Qxa5 Nf6 13. Bg5 h6 14. Bh4 g5 15.
Bg3 Be6 16. e5 dxe5 17. Bxe5 b6 18. Qb4 c5 19. Qb2 Re8 20. Nd2 Bf5 21. Rfe1 Ng4 22. Bg3 Qd5 23. c4 Qd4 24. Qxd4 cxd4 25. Nf3 d3 26.
Rad1 Rxe1+ 27. Nxe1 Rd8 28. Nf3 Be4 29. h3 Bxf3 30. gxf3 Nf6 31. Kf1 Nh5 32. Ke1 Re8+ 33. Kd2 Nxg3 34. fxg3 Re2+ 35. Kxd3 Rxa2 36. Ke4 Ra4 37.
Kf5 Ra5+ 38. Kg4 Ra4 39. Kf5 Ra5+ 40. Kg4 Ra4 41. Kh5 Rxc4 42. Rd7+ Ke6 43. Rxa7 Rc3 44.
Kg4 Rb3 45. Rh7 b5 46. Rxh6+ Kf7 47. Rb6 b4 48. Rb5 Kf6 49. Rf5+ Ke6 50. Rxg5 Rc3 51. Rb5 b3 52. f4 Kd6 53. h4 Kc6 54. Rb8 Kc7 55.
Rb4 Kc6 56. h5 Re3 57. h6 Kc5 58. h7 Re8 59. Rxb3 Rh8 60. Rb7 Kc6 61. Rg7 Kd6 62.
Kg5 Ke6 63. Kg6 1-0

[Event "*** Titled Tuesday Blitz"]
[Site "Chess.com"]
[Date "2020.05.12"]
[Round "4"]
[White "FM_VS99"]
[Black "SoltaniciR"]
[Result "0-1"]
[WhiteElo "2380"]
[BlackElo "2622"]
[TimeControl "180+1"]
[EndTime "10:40:25 PDT"]
[Termination "SoltaniciR won by checkmate"]

1. c4 c5 2. g3 Nc6 3. Bg2 g6 4. Nf3 Bg7 5. O-O d6 6. Nc3 Bf5 7. a3 Qd7 8. b4 Bh3 9. b5 Nd4 10. e3 Bxg2 11. Kxg2 Nxf3 12. Qxf3 Nh6 13. Bb2 Nf5 14.
Rab1 h5 15. h4 e6 16. Ne4 O-O 17. Rh1 e5 18. Ng5 b6 19. Qd5 Ne7 20. Qe4 d5 21. cxd5 Qxd5 22. Qxd5 Nxd5 23. Rhd1 Rfd8 24. Rbc1 Rac8 25. Nf3 e4 26. Ne5 Nc7 27. a4 a6 28.
bxa6 Nxa6 29. Nc4 Bxb2 30. Nxb2 Nb4 31. Nc4 Rc6 32. f3 f5 33. fxe4 fxe4 34. Rf1 Kg7 35. Rf4 Nd3 36. Rb1 Nxf4+ 37. gxf4 Ra8 38. Nxb6 Ra6 39.
Nd5 Rxa4 40. Rb7+ Kf8 41. Nc3 Rb4 42. Rd7 Ke8 43. Rg7 Rd6 44. Rc7 Rxd2+ 45. Kg3 Rd3 46. Rxc5 Rxe3+ 47. Kf2 Rd3 48. Ne2 Rb2 49. Re5+ Kf7 50.
Rxe4 Kf6 51. Ke1 Rdd2 52. Ng3 Rg2 53. Ne2 Kf5 54. Re5+ Kg4 55. Rg5+ Kh3 56. Ng1+ Kh2 57. Nf3+ Kh1 58. Rxg2 Kxg2 59. Ne5 Kh3 60. Nxg6 Kg4 61.
Kd1 Rb6 62. Ne5+ Kxf4 63. Nd3+ Kg3 64. Ke2 Kxh4 65. Kf2 Rf6+ 66. Kg2 Kg5 67. Ne5 h4 68. Nf3+ Kh5 69. Nh2 Rg6+ 70. Kh3 Rg3# 0-1

[Event "*** Titled Tuesday Blitz"]
[Site "Chess.com"]
[Date "2020.05.12"]
[Round "4"]
[White "Kavyev_Ruslan"]
[Black "MaxVavulin"]
[Result "0-1"]
[WhiteElo "2457"]
[BlackElo "2638"]
[TimeControl "180+1"]
[EndTime "10:40:29 PDT"]
[Termination "MaxVavulin won by resignation"]

1. d4 Nf6 2. c4 e6 3. Nf3 b6 4. g3 Ba6 5. Qb3 c5 6. dxc5 bxc5 7. Nbd2 Nc6 8. Bg2 Be7 9. O-O O-O 10. Rd1 Rb8 11. Qc2 d5 12. b3 Nb4 13.
Qb1 dxc4 14. Bb2 cxb3 15. Nxb3 Qc8 16. Ng5 g6 17. Ne4 Nxe4 18. Qxe4 Bb7 19. Qe5 f6 20. Bxb7 Rxb7 21. Qe4 c4 22. Na5 Rc7 23. a3 Nd5 24. Rac1 c3 25. Ba1 Bxa3 26. Rc2 Kg7 27. Qa4 Be7 28. Rdc1 Qa6 29. e4 Nb6 30. Qa2 Qd3 31. Bxc3 Rfc8 32. Bxf6+ Kxf6 33. Rxc7 Rxc7 34. Rxc7 Qxe4 35.
Qb2+ e5 36. Rxa7 Nd5 37. Ra6+ Kf7 38. Nc6 Qe1+ 39. Kg2 Qe4+ 40. Kg1 Qe1+ 41. Kg2 Qe4+ 42. f3 Qe1 43. Nxe5+ Kg8 44. Ra8+ Bf8 45. Ng4 h5 46. Nh6+ Kh7 47. Ra7+ Be7 48. Rxe7+ Qxe7 49. Qd4 Ne3+ 50. Kf2 Nc2 51. Qd2 Qc5+ 52. Kg2 Ne3+ 53. Kh3 Kxh6 54.
g4 hxg4+ 55. fxg4 Kg5 56. Kg3 Qe5+ 57. Kf2 Qf4+ 58. Ke2 Nxg4 59. Qd5+ Kh4 60. Qd8+ Kh3 61. Qh8+ Kg2 62. Qa8+ Kxh2 63. Qh8+ Qh6 64. Qb8+ Kh3 65. Qb3+ Qe3+ 66. Qxe3+ Nxe3 67. Kxe3 g5 68. Kf2 g4 69. Kf1 Kh2 70. Kf2 g3+ 71. Kf1 g2+ 72. Kf2 g1=Q+ 73. Kf3 0-1

[Event "*** Titled Tuesday Blitz"]
[Site "Chess.com"]
[Date "2020.05.12"]
[Round "4"]
[White "IwkooO"]
[Black "Caterpiller35"]
[Result "0-1"]
[WhiteElo "2525"]
[BlackElo "2368"]
[TimeControl "180+1"]
[EndTime "10:40:29 PDT"]
[Termination "Caterpiller35 won by resignation"]

1. e4 c5 2. Nf3 Nc6 3. d4 cxd4 4. Nxd4 e5 5. Nb5 d6 6. c4 Be7 7. N1c3 a6 8. Na3 Be6 9. Nc2 Bg5 10. Be2 Bxc1 11. Rxc1 Nf6 12. O-O Rc8 13. Qd2 O-O 14. Rfd1 Qb6 15. h3 Rfd8 16. b3 Qc5 17. Bf3 b5 18. cxb5 axb5 19. Nd5 Bxd5 20. exd5 Ne7 21. Nb4 Qa7 22. Rxc8 Rxc8 23. Rc1 Rc5 24. Nc6 Nxc6 25.
dxc6 e4 26. Be2 b4 27. Bb5 Qb6 28. Ba4 d5 29. g3 h5 30. Kg2 h4 31. Qd4 Rxc6 32.
Qxb6 Rxb6 33. g4 d4 34. Rc8+ Kh7 35. Rd8 d3 36. Kf1 Kg6 37. Ke1 Nh7 38. Kd2 Ng5 39. Ke3 Re6 40. Bd7 Re7 41. Bf5+ Kf6 42. Rd6+ Ke5 43. Rd4 g6 44. Bc8 f5 45. f4+ exf3 46.
Rxb4 fxg4 47. hxg4 h3 48. Rb5+ Kf6+ 49. Kf2 d2 50.
Rb6+ Kg7 51. Rd6 Re2+ 52. Kg3 h2 53. Rd7+ Kf8 54. Rd8+ Ke7 55. Rd7+ Ke8 56. Rd3 h1=Q 57. Bd7+ Ke7 58. Kf4 Qh2+ 59. Kxg5 Qe5+ 60. Kxg6 Qe4+ 61. Bf5 Qxd3 62. Bxd3 d1=Q 63. Bf5 Qd2 64. b4 Qe3 65.
b5 f2 66. b6 f1=Q 67. b7 Rb2 68. b8=Q Rxb8 0-1

[Event "*** Titled Tuesday Blitz"]
[Site "Chess.com"]
[Date "2020.05.12"]
[Round "4"]
[White "MikaelyanArman"]
[Black "gvanna"]
[Result "1-0"]
[WhiteElo "2678"]
[BlackElo "2476"]
[TimeControl "180+1"]
[EndTime "10:40:32 PDT"]
[Termination "MikaelyanArman won by checkmate"]

1. d4 d5 2. c4 c6 3. Nc3 e5 4. e3 e4 5. Qb3 Nf6 6. Nh3 Bd6 7.
Bd2 O-O 8. cxd5 cxd5 9. Nxd5 Nc6 10.
Nc3 Bxh3 11. gxh3 Qe7 12. O-O-O Rac8 13. Kb1 a6 14. Rg1 b5 15. Nd5 Nxd5 16. Qxd5 Bxh2 17. Rg4 Rfe8 18. Bg2 Qf6 19. Qg5 Qxg5 20. Rxg5 g6 21. Rc5 Bd6 22. Rd5 Bh2 23. Rc1 f5 24.
Rdc5 Ne7 25. f3 exf3 26. Bxf3 Bd6 27. Rxc8 Nxc8 28. Bb7 Nb6 29. b3 Rb8 30. Bf3 Bg3 31.
Ba5 Bf2 32. Rc6 Nd7 33. Rd6 Nf8 34. e4 fxe4 35. Bxe4 Re8 36. Bd5+ Kg7 37. Bc3 Re2 38.
Rxa6 Re3 39. Kc2 Rxh3 40. Bc6 Ne6 41. d5+ Nd4+ 42. Bxd4+ Bxd4 43. d6 Bf6 44. d7 b4 45.
Bb5 Rc3+ 46. Kd2 Bg5+ 47. Ke2 h5 48. Ra8 Rc2+ 49. Kf3 Rd2 50. Bc6 Bf6 51. Re8 g5 52. Ke4 Kf7 53. Bd5+ Kg7 54. d8=Q Bxd8 55. Rxd8 Rxa2 56.
Rg8+ Kf6 57. Rf8+ Kg6 58. Rb8 Re2+ 59. Kf3 Rd2 60. Be4+ Kf6 61. Rb6+ Kf7 62. Rxb4 g4+ 63. Kf4 Rf2+ 64. Kg3 Re2 65. Bf5 Re3+ 66. Kf4 Rh3 67. Rb7+ Kf6 68. Rb6+ Ke7 69. Ke5 Kd8 70. Kd6 Rc3 71.
Rb8+ Rc8 72. Rxc8# 1-0

[Event "*** Titled Tuesday Blitz"]
[Site "Chess.com"]
[Date "2020.05.12"]
[Round "4"]
[White "EnergeticHay"]
[Black "dolynachess"]
[Result "0-1"]
[WhiteElo "2143"]
[BlackElo "2373"]
[TimeControl "180+1"]
[EndTime "10:40:33 PDT"]
[Termination "dolynachess won by resignation"]

1. e4 c5 2. Nf3 d6 3. d4 cxd4 4. Nxd4 Nf6 5. Nc3 a6 6. h3 e5 7. Nde2 h5 8. g3 Be7 9. Bg2 Be6 10. O-O Nbd7 11. a4 Qc7 12. Be3 Rc8 13. Rc1 O-O 14. Nd5 Bxd5 15. exd5 b5 16. axb5 axb5 17. c3 Nb6 18. b3 Qb7 19. Bg5 Rc5 20. Qd3 e4 21.
Bxe4 Nxe4 22. Bxe7 Qxe7 23. Nf4 Nf6 24. Rfe1 Qc7 25. b4 Rc4 26. Qf5 Qc8 27. Qg5 Rxc3 28. Rcd1 Rc4 29. Re7 Rxf4 30. gxf4 Qxh3 31. Qg3 Qxg3+ 32.
fxg3 Nbxd5 33. Rb7 Nxb4 34. Rxb5 Nbd5 35. Rbxd5 Nxd5 36. Rxd5 Rd8 37. Rxh5 d5 38. Kf2 f6 39. Ke3 Kf7 40. f5 Ra8 41. Kd4 Ra3 42. Kxd5 Rxg3 43.
Ke4 Rg4+ 44. Kf3 Ra4 45. Rh1 Ra3+ 46. Kf4 Ra4+ 47. Ke3 Ra5 48. Ke4 Re5+ 49. Kf4 Re7 50. Rd1 Rb7 51. Rd4 Rb1 52. Ra4 Kg8 53. Ra8+ Kh7 54. Ra4 Rf1+ 55. Kg4 Rg1+ 56. Kf4 Kh6 57. Ra3 Rh1 58. Rg3 Rh4+ 59. Rg4 Rh5 60. Rg3 Kh7 61. Rg4 Rh1 62. Rg3 Kg8 63. Ra3 Rh4+ 64. Kg3 Rd4 65.
Ra8+ Kh7 66. Ra3 Kh6 67. Rf3 Kg5 68. Kf2 Rf4 0-1

[Event "*** Titled Tuesday Blitz"]
[Site "Chess.com"]
[Date "2020.05.12"]
[Round "4"]
[White "NastaJ"]
[Black "aquiles88"]
[Result "0-1"]
[WhiteElo "1964"]
[BlackElo "2222"]
[TimeControl "180+1"]
[EndTime "10:40:35 PDT"]
[Termination "aquiles88 won on time"]

1. e4 d6 2. d4 g6 3. Nc3 Bg7 4. Nf3 a6 5. a4 b6 6. Be2 Bb7 7. Be3 Nd7 8. O-O e6 9. Bg5 Ne7 10. Qd2 h6 11. Bh4 Nf6 12. Bxf6 Bxf6 13. Qf4 Bg7 14. h4 O-O 15. h5 g5 16. Qd2 Nc6 17. d5 Ne5 18. Nxe5 Bxe5 19. g3 exd5 20. exd5 Re8 21. Bg4 Bc8 22. Bxc8 Qxc8 23. Kg2 Qg4 24.
Qd3 Kg7 25. Rae1 Qxh5 26. Re4 Qg6 27. Rh1 Re7 28. Re3 Qxd3 29. Rxd3 Rae8 30. Nd1 Bf6 31. Ne3 Kg6 32. c4 Bxb2 33. Rb1 Bg7 34. Rdb3 a5 35.
Rd3 f5 36. Rc1 Re4 37. Rb3 f4 38. gxf4 gxf4 39. Ng4 h5 40. Nh2 Kf5 41. Nf3 Rg8 42. Kf1 Be5 43. Nh4+ Kg4 44. f3+ Kxh4 45. fxe4 Kg5 46. Kf2 Kf6 47. Rh1 Rg5 48. Rh2 Kg6 49.
Rbh3 Kh6 50. Rh1 Kg6 51. Rh4 Kh6 52. R4h3 Bd4+ 53. Kf3 Be5 54. Rh4 Rg3+ 55. Ke2 Rg6 56. Rf1 Rg4 0-1

[Event "*** Titled Tuesday Blitz"]
[Site "Chess.com"]
[Date "2020.05.12"]
[Round "4"]
[White "sergiochess83"]
[Black "AnthonyWirig"]
[Result "1-0"]
[WhiteElo "2823"]
[BlackElo "2614"]
[TimeControl "180+1"]
[EndTime "10:40:36 PDT"]
[Termination "sergiochess83 won by resignation"]

1. e4 c5 2. Nf3 e6 3. d4 cxd4 4. Nxd4 a6 5. c4 Nf6 6. Nc3 Bb4 7. Qd3 d6 8. Nc2 Bc5 9. Be2 Nbd7 10. O-O O-O 11.
b4 Ne5 12. Qg3 Ba7 13. Bf4 b5 14. c5 Bb7 15. Rad1 Qc8 16. Rxd6 Ng6 17. e5 Ne4 18. Nxe4 Bxe4 19. Bd3 Bd5 20. Ne3 Bxa2 21. Ra1 Bb3 22. Rdxa6 Ba4 23. Ra5 Qb7 24. h4 Rad8 25. Be2 Rd4 26. Bg5 Bb8 27. Ng4 h5 28. Nf6+ gxf6 29. Bxf6 Qe4 30. Bxh5 Bxe5 31. Bxg6 Bxg3 32. Bxe4 Rxe4 33.
fxg3 Rxb4 34. Rc1 Rc8 35. c6 Kh7 36. c7 Kg6 37. Bd8 Rd4 38. Rc5 f6 39. Ra6 Kf7 40.
Rcc6 Bb3 41. Rab6 Bd5 42. Rc2 Rc4 43. Rxc4 bxc4 44. Rb8 c3 45. Rb1 c2 46. Rc1 Be4 47. Kf2 f5 48. Ke3 e5 49. g4 Ke6 50. gxf5+ Bxf5 51. g4 Bh7 52. h5 Ra8 53. Kd2 Be4 54. Rxc2 Bxc2 55. Kxc2 Kd7 56. g5 Ra2+ 57. Kd3 Rh2 58. h6 Rh4 59. Ke3 e4 60. Kd4 e3+ 61. Kxe3 Ra4 62.
Kf3 Ra3+ 63. Kg4 Ra4+ 64. Kh5 Ra1 65. Kg6 Rh1 66. Kf5 Rd1 67. Kg6 Rd5 68. Kh5 Rd6 69.
Kh4 Rd1 70. Kg3 Rh1 71. Kf4 Rg1 72. Kf5 Rd1 73. Kg6 Rg1 74. h7 Rd1 75. Kg7 Rd6 76.
g6 Re6 77. h8=Q Re2 78. Qf8 Re6 79. Qf7+ 1-0

[Event "*** Titled Tuesday Blitz"]
[Site "Chess.com"]
[Date "2020.05.12"]
[Round "4"]
[White "GuerrieroFromLevant"]
[Black "grandcoach"]
[Result "1-0"]
[WhiteElo "2381"]
[BlackElo "2023"]
[TimeControl "180+1"]
[EndTime "10:40:36 PDT"]
[Termination "GuerrieroFromLevant won on time"]

1. e4 c5 2. Nf3 Nc6 3. Bb5 e6 4. O-O Nge7 5. Re1 a6 6. Bf1 d5 7. exd5 Nxd5 8. d4 Be7 9. c4 Nf6 10. Be3 cxd4 11. Nxd4 Bd7 12. Nc3 O-O 13. a3 Nxd4 14.
Bxd4 Bc6 15. Qd3 Qa5 16. b4 Qg5 17. g3 Rfd8 18. Rad1 Rd7 19. Qe3 Qh5 20. h3 Rad8 21. Rd3 Rxd4 22. Rxd4 Rxd4 23. Qxd4 Qf3 24. Nd5 Nxd5 25.
Bg2 Qc3 26. Qxc3 Nxc3 27. Bxc6 bxc6 28. Re3 Na4 29. Rd3 Nb6 30. a4 Bxb4 31. Rd8+ Bf8 32. c5 Nxa4 33. Rc8 Nxc5 34. Rxc6 g6 35. Kf1 Kg7 36. Ke2 a5 37. Ke3 a4 38. Kd4 a3 39.
Rc8 Nb3+ 40. Kc3 Nc5 41. Ra8 Ne4+ 42. Kd3 Nxf2+ 43. Ke2 Ne4 44. Kf3 f5 45. g4 Nf6 46.
g5 Nd5 47. Ra7+ Kg8 48. h4 Be7 49. Ke2 Kf7 50. Kf3 e5 51. Ke2 e4 52. Ra5 Ke6 53.
Ra6+ Bd6 54. Ra7 Be7 55. Ra6+ Ke5 56. Kf2 f4 57. Ke2 f3+ 58. Kf2 Bc5+ 59. Kf1 e3 60.
Ra4 e2+ 61. Ke1 Nf4 62. Rc4 Nd3+ 63. Kd2 e1=Q+ 64. Kxd3 Qe3+ 65. Kc2 a2 66. Ra4 Qe2+ 67. Kb3 Bd4 68. Rxa2 Ke4 69. Rxe2+ fxe2 70. h5 e1=Q 71. hxg6 hxg6 72. Ka4 Qc3 73. Kb5 Be5 74. Ka6 Bc7 75.
Kb7 Qc5 76. Kc8 Bb6+ 77. Kd7 Qd5+ 78. Ke7 Qc6 79. Kf7 Bc5 80. Kg7 Bd4+ 81. Kh7 Qd7+ 82. Kh6 Qd6 83. Kh7 Qh2+ 84. Kg8 1-0